 Dungeon Crawl Stone Soup version 0.29-a0-542-g075992c915 (webtiles) character file.

Game seed: 14494889827960070741

190 ZappyNine the Vandal (level 5, -2/28 HPs)
             Began as a Spriggan Hunter on June 5, 2022.
             Killed by divine providence
             ... invoked by an orc priest
              (13 damage)
             ... on level 3 of the Dungeon.
             The game lasted 00:03:35 (2795 turns).

ZappyNine the Vandal (Spriggan Hunter)              Turns: 2795, Time: 00:03:35

Health: -2/28      AC:  2    Str:  7    XL:     5   Next: 41%
Magic:  6/6        EV: 18    Int: 11    God:
Gold:   127        SH:  0    Dex: 20    Spells: 4/4 levels left

rFire   . . .      SeeInvis +   a - +1 hunting sling
rCold   . . .      Faith    .   (no shield)
rNeg    . . .      Spirit   .   b - +0 robe
rPois   .          Reflect  .   (helmet restricted)
rElec   .          Harm     .   (no cloak)
rCorr   .          Rampage  .   (gloves unavailable)
Will    .....                   (boots unavailable)
Stlth   ++........              (no amulet)
HPRegen 0.09/turn               (no ring)
MPRegen 0.10/turn               (no ring)

@: very quick
A: very small, no large weapons, unfitting armour, see invisible, speed 3
a: no special abilities


You were on level 3 of the Dungeon.
You visited 1 branch of the dungeon, and saw 3 of its levels.

You collected 127 gold pieces.

Inventory:

Hand Weapons
 a - a +1 hunting sling (weapon)
 d - a +2 short sword of flaming
Armour
 b - a +0 robe (worn)
Scrolls
 c - a scroll of immolation
 f - 2 scrolls of noise {unknown}
 i - a scroll of silence {unknown}
 k - 2 scrolls of identify {unknown}
 l - a scroll of fear {unknown}
 m - a scroll of magic mapping {unknown}
 p - a scroll of teleportation {unknown}
Potions
 e - 3 potions of lignification {unknown}
 g - a potion of brilliance {unknown}
 h - 2 potions of heal wounds {unknown}
 j - a potion of resistance {unknown}
 n - a potion of curing {unknown}
 o - a potion of attraction {unknown}


   Skills:
 + Level 3.5 Fighting
 + Level 6.6 Slings
 - Level 2.6 Dodging
 - Level 1.5 Stealth


You had 4 spell levels left.
You didn't know any spells.
Your spell library contained the following spells:

 Spells                   Type           Power      Damage    Failure   Level
 Anguish                  Hex/Necr       0%         N/A       98%         4
 Animate Dead             Necr           0%         N/A       98%         4
 Borgnjor's Vile Clutch   Necr/Erth      0%         N/A       100%        5
 Death Channel            Necr           0%         N/A       100%        6
 Enfeeble                 Hex            0%         N/A       100%        7


Dungeon Overview and Level Annotations

Branches:
Dungeon (3/15)

Altars:
Okawaru


Innate Abilities, Weirdness & Mutations

You are very small and have problems with some larger weapons.
You are too small for most types of armour.
You have supernaturally acute eyesight. (SInv)
You cover ground extremely quickly. (Speed+++)


Message History

The sling bullet hits the orc priest but does no damage.
The orc priest is moderately wounded.
Fire: a) +1 hunting sling
Press: ? - help, Q - select action Shift-Dir - straight line, f/p - orc priest
Aim: an orc priest, wielding a +0 short sword and wearing a +0 chain mail (moderately wounded, 72% to hit)
You shoot a sling bullet.
The sling bullet barely misses the orc priest.
The orc priest looks satisfied for a moment.
You shoot a sling bullet.
The sling bullet hits the orc priest but does no damage.
The orc priest is moderately wounded.
You shoot a sling bullet.
The sling bullet hits the orc priest but does no damage.
The orc priest is moderately wounded.
The orc priest hits you with a +0 short sword.
You are too injured to fight recklessly!
You are too injured to fight recklessly!
Fire: a) +1 hunting sling
Press: ? - help, Q - select action Shift-Dir - straight line, f/p - orc priest
Aim: an orc priest, wielding a +0 short sword and wearing a +0 chain mail (moderately wounded, 72% to hit)
You shoot a sling bullet. The sling bullet hits the orc priest.
The orc priest is moderately wounded.
The orc priest calls down the wrath of Beogh upon you.
You resist with significant effort.
Fire: a) +1 hunting sling
Press: ? - help, Q - select action Shift-Dir - straight line, f/p - orc priest
Aim: an orc priest, wielding a +0 short sword and wearing a +0 chain mail (moderately wounded, 72% to hit)
You shoot a sling bullet.
The sling bullet hits the orc priest but does no damage.
The orc priest is moderately wounded.
The orc priest closely misses you.
Fire: a) +1 hunting sling
Press: ? - help, Q - select action Shift-Dir - straight line, f/p - orc priest
Aim: an orc priest, wielding a +0 short sword and wearing a +0 chain mail (moderately wounded, 72% to hit)
You shoot a sling bullet.
The sling bullet hits the orc priest but does no damage.
The orc priest is moderately wounded.
The orc priest invokes the aid of Beogh against you.
Beogh smites you!
You die...

##########.........##
##########......<...............
.................#..........####
##'#######'####.............#
.....###.....###.#..........#
....###.....####.#............
...###.....###.#.#...........##
..###.....###..#...######.##.#
.###.....###...'@### +# .#
######'####....#o#
##.#.....#(.†..#.##
#..#.)...#....##..#
...'...[.'...###..###
...#.†(..#..## #....+
...#.....#.## #..###
..####'##### #..# .###.....#
+..#


You could see an orc priest.

Vanquished Creatures
  A phantom (D:3)
  3 adders
  2 worms
  2 dart slugs
  3 orcs (D:3)
  2 ball pythons (D:2)
  4 bats
  8 endoplasms
  8 giant cockroaches
  9 goblins
  2 hobgoblins (D:2)
  6 jackals (D:1)
  2 quokkas
  4 frilled lizards
  4 kobolds
  7 rats
67 creatures vanquished.

Vanquished Creatures (others)
  A plant (D:2)
1 creature vanquished.

Grand Total: 68 creatures vanquished

Notes
Turn   | Place    | Note
-------+----------+-------------------------------------------
     0 | D:1      | ZappyNine the Spriggan Hunter began the quest for the Orb.
     0 | D:1      | Reached XP level 1. HP: 10/10 MP: 2/2
    39 | D:1      | Reached skill level 5 in Slings
    67 | D:1      | Reached XP level 2. HP: 10/15 MP: 3/3
   748 | D:1      | Reached XP level 3. HP: 18/18 MP: 4/4
   893 | D:1      | Found a faded altar of an unknown god.
  1679 | D:2      | Reached XP level 4. HP: 23/23 MP: 5/5
  2144 | D:3      | Reached skill level 6 in Slings
  2149 | D:3      | Found an iron altar of Okawaru.
  2161 | D:3      | Noticed a phantom
  2200 | D:3      | Killed a phantom
  2201 | D:3      | Reached XP level 5. HP: 11/28 MP: 6/6
  2795 | D:3      | Killed from afar by an orc priest

Illustrated notes

Levels and vault maps discovered:
D:1:      roderic_chinese_lattice_arrival, layout_loops_cross,
          ebering_ecumenical_altar_ruins
D:2:      layout_basic, serial_forest, infiniplex_forest_split,
          infiniplex_forest_lined_corner, infiniplex_forest_clump_small,
          infiniplex_forest_clump_large, infiniplex_forest_lined_3,
          infiniplex_forest_lined_ring, infiniplex_forest_clump_medium,
          infiniplex_forest_split
D:3:      layout_loops_corners, okawaru_trees_2, minmay_quadrilaterals

Skill      XL: |  1  2  3  4 |
---------------+-------------+-----
Slings         | 5 6 |  6.6
Fighting       | 2 3 |  3.5
Dodging        | |  2.6
Stealth        | |  1.5

Action                   |  1- 3 |  4- 6 || total
-------------------------+-------+-------++-------
 Fire: Hunting sling     |   131 |    65 ||   196
  Use: Scroll            |       |     1 ||     1
Armor: Robe              |    12 |     3 ||    15
Dodge: Dodged            |    73 |    12 ||    85

Table legend: (Time is in decaauts)
 A = Elapsed time spent in this place.
 B = Non-inter-level travel time spent in this place.
 C = Inter-level travel time spent in this place.
 D = Time resting spent in this place.
 E = Time spent auto-exploring this place.
 F = Levels seen in this place.
 G = Mean time per level.
                   A        B        C        D        E       F      G
               +--------+--------+--------+--------+--------+-----+--------+
         Total |   2135 |   2083 |     52 |    381 |   1353 |   3 |  711.7 |
       Dungeon |   2135 |   2083 |     52 |    381 |   1353 |   3 |  711.7 |
               +--------+--------+--------+--------+--------+-----+--------+

Top non-repeatable levels by time:
     D:1: 830 daAuts
     D:2: 765 daAuts
     D:3: 539 daAuts
